 Dungeon Crawl Stone Soup version 0.27-a0-1123-g2f9bb313c0 (webtiles) character file.

Game seed: 493548834054752933

3588 kae the Cleaver (level 10, -9/94 HPs)
             Began as a Hill Orc Fighter on May 3, 2021.
             Was a Believer of Qazlal.
             Mangled by a red ugly thing (20 damage)
             ... on level 7 of the Dungeon.
             The game lasted 00:06:17 (9315 turns).

kae the Cleaver (Hill Orc Fighter)                  Turns: 9315, Time: 00:06:17

Health: -9/94      AC:  7    Str: 23    XL:     10   Next: 10%
Magic:  14/14      EV: 11    Int:  8    God:    Qazlal [**....]
Gold:   386        SH: 12    Dex: 10    Spells: 9/9 levels left

rFire    . . .     SeeInvis .   a - +0 war axe (freeze)
rCold    . . .     Faith    .   c - +0 kite shield
rNeg     . . .     Spirit   .   b - +0 scale mail
rPois    .         Reflect  .   (no helmet)
rElec    .         Harm     .   (no cloak)
rCorr    .         Rampage  .   (no gloves)
Will     +....                  (no boots)
Stlth    ..........             (no amulet)
HPRegen  0.25/turn              g - ring of willpower
MPRegen  0.14/turn              j - +4 ring of evasion

@: no status effects
A: no striking features
a: Renounce Religion, Upheaval


You were on level 7 of the Dungeon.
You worshipped Qazlal.
Qazlal was pleased with you.
You visited 2 branches of the dungeon, and saw 10 of its levels.
You also visited: Ossuary.

You collected 386 gold pieces.

Inventory:

Hand Weapons
 a - a +0 war axe of freezing (weapon)
Armour
 b - a +0 scale mail (worn)
 c - a +0 kite shield (worn)
Jewellery
 g - a ring of willpower (left hand)
 j - a +4 ring of evasion (right hand)
 m - a +6 ring of dexterity
 p - a +6 ring of dexterity
Wands
 h - a wand of paralysis (4)
 q - a wand of mindburst (16)
Scrolls
 i - a scroll of magic mapping
 l - a scroll of amnesia
 t - 2 scrolls of teleportation
Potions
 d - 3 potions of might
 e - a potion of berserk rage
 f - a potion of resistance
 k - 7 potions of curing
 n - 2 potions of flight
 o - 2 potions of mutation
 r - a potion of haste
 s - a potion of brilliance
 u - 2 potions of ambrosia {unknown}


   Skills:
 * Level 10.6 Fighting
 * Level 11.0 Axes
 + Level 7.3 Armour
 - Level 3.2 Shields
 + Level 6.4 Invocations


You had 9 spell levels left.
You didn't know any spells.
Your spell library contained the following spells:

 Spells                   Type           Power      Damage    Failure   Level
 Confusing Touch          Hex            0%         N/A       100%        3
 Gell's Gravitas          Tloc           0%         N/A       100%        3
 Petrify                  Tmut/Erth      0%         N/A       100%        4
 Metabolic Englaciation   Hex/Ice        0%         N/A       100%        5
 Yara's Violent Unravell  Hex/Tmut       0%         3d3       100%        5


Dungeon Overview and Level Annotations

Branches:
Dungeon (9/15)             Temple (1/1) D:4         Ossuary (visited)
   Lair: D:8-11         Orc: D:9-12

Altars:
Ashenzari
Cheibriados
Dithmenos
Elyvilon
Fedhas
Gozag
Hepliaklqana
Kikubaaqudgha
Makhleb
Nemelex Xobeh
Okawaru
Qazlal
Ru
Sif Muna
Trog
Uskayaw
Vehumet
Wu Jian
Xom
Yredelemnul
The Shining One


Message History

The iguana bites you but does no damage.
Your Axes skill increases to level 11!
You hit the red ugly thing but do no damage.
The red ugly thing is lightly wounded.
You hit the iguana. You freeze the iguana.
The red ugly thing trunk-slaps you but does no damage.
You block the iguana's attack.
Your scale mail prevents you from hitting the red ugly thing.
The red ugly thing is lightly wounded.
You closely miss the iguana.
The red ugly thing trunk-slaps you but does no damage.
The iguana bites you but does no damage.
The red ugly thing completely misses you.
You hit the red ugly thing. You freeze the red ugly thing.
The red ugly thing is lightly wounded.
You slash the iguana!
The iguana seems to slow down.
You freeze the iguana. You block the iguana's attack.
The red ugly thing trunk-slaps you!
You are engulfed in flames!!
You hit the iguana but do no damage.
The iguana is severely wounded.
You completely miss the red ugly thing. You block the iguana's attack.
The red ugly thing trunk-slaps you.
You are engulfed in flames!
* * * LOW HITPOINT WARNING * * *
You closely miss the iguana.
The iguana is severely wounded.
Your shield and scale mail prevent you from hitting the red ugly thing.
The red ugly thing barely misses you. You block the iguana's attack.
You completely miss the iguana.
The iguana is severely wounded.
You slash the red ugly thing! You freeze the red ugly thing.
The red ugly thing trunk-slaps you but does no damage.
You block the iguana's attack.
You slash the iguana! You freeze the iguana.
You kill the iguana!
Qazlal accepts your kill.
Your shield prevents you from hitting the red ugly thing.
The red ugly thing trunk-slaps you!
* * * LOW HITPOINT WARNING * * *
You are engulfed in flames!!
You die...

##........##...'..######
#####........###...#####?Z#
#.............###..# ##))$
#.###.........##...# ##.⌠
#>####.....#......## ..
#....##...###..(.## ..
##.....#######....## .⌠
#.......#####°.....#
#...........@u.##...#
#.......####).###...#
##^....## #...###..+
######....## #...##...#
.......#.## ##..)...##
########.# ##...$## #.##
##....# #..## ##......##
##>..#####...##...#


You could see a red ugly thing.

Vanquished Creatures
  A troll (D:9)
  3 hornets (D:7)
  Sigmund (D:4)
  A yak (D:7)
  A water moccasin (D:7)
  3 sky beasts (D:7)
  An ice beast (D:7)
  3 ogres
  A centaur (D:5)
  A phantom (D:7)
  A kobold brigand (D:7)
  A bullfrog (D:4)
  A scorpion (D:4)
  A gnoll sergeant (D:6)
  A water moccasin zombie (D:5)
  3 howler monkeys
  6 centaur zombies
  2 jellies
  4 hounds
  2 gnoll shamans
  4 orc priests
  2 bullfrog skeletons
  3 iguanas
  An orc wizard (D:6)
  A scorpion zombie (D:5)
  A killer bee zombie (D:6)
  6 mummies (Ossuary)
  A howler monkey zombie (D:7)
  13 gnolls
  8 adders
  An ufetubus (D:4)
  An adder zombie (D:1)
  A worm (D:2)
  3 dart slugs
  22 orcs
  9 ball pythons
  6 bats
  10 endoplasms
  6 giant cockroaches
  5 goblins
  10 hobgoblins
  8 jackals
  8 kobolds
  4 quokkas
  A ball python zombie (D:1)
  3 frilled lizards
  6 hobgoblin zombies (Ossuary)
  9 rats
191 creatures vanquished.

Vanquished Creatures (others)
  55 plants
55 creatures vanquished.

Grand Total: 246 creatures vanquished

Notes
Turn   | Place    | Note
-------+----------+-------------------------------------------
     0 | D:1      | kae the Hill Orc Fighter began the quest for the Orb.
     0 | D:1      | Reached XP level 1. HP: 19/19 MP: 1/1
    21 | D:1      | Reached skill level 3 in Axes
   113 | D:1      | Reached XP level 2. HP: 18/27 MP: 2/2
   345 | D:1      | Reached XP level 3. HP: 33/33 MP: 3/3
   638 | D:1      | Reached skill level 4 in Axes
   808 | D:1      | Reached XP level 4. HP: 41/41 MP: 4/4
  1587 | D:2      | Reached skill level 5 in Fighting
  1594 | D:2      | Reached XP level 5. HP: 48/48 MP: 5/5
  1619 | D:2      | You fall into a shaft and drop 1 floor!
  1703 | D:3      | Reached skill level 5 in Axes
  2270 | D:3      | Found a hazy altar of Hepliaklqana.
  2310 | D:3      | Reached XP level 6. HP: 25/56 MP: 6/6
  2545 | D:3      | Found a shimmering altar of Xom.
  2551 | D:3      | Found a blossoming altar of Fedhas.
  2556 | D:3      | Found a bloodstained altar of Trog.
  2757 | D:4      | Found a staircase to the Ecumenical Temple.
  2773 | Temple   | Entered the Ecumenical Temple
  2906 | Temple   | Became a worshipper of Qazlal Stormbringer
  2965 | D:4      | Found a snail-covered altar of Cheibriados.
  2971 | D:4      | Found a glowing golden altar of the Shining One.
  2971 | D:4      | Found a shadowy altar of Dithmenos.
  2972 | D:4      | Found a radiant altar of Vehumet.
  3102 | D:4      | Found a broken altar of Ashenzari.
  3105 | D:4      | Found a burning altar of Makhleb.
  3110 | D:4      | Found a sparkling altar of Nemelex Xobeh.
  3147 | D:4      | Noticed Sigmund
  3165 | D:4      | Killed Sigmund
  3166 | D:4      | Reached skill level 6 in Axes
  3166 | D:4      | Reached skill level 1 in Invocations
  3166 | D:4      | Reached XP level 7. HP: 7/64 MP: 6/8
  3979 | D:4      | Reached skill level 5 in Armour
  4278 | D:4      | Reached skill level 7 in Axes
  4493 | D:5      | Entered Level 5 of the Dungeon
  4981 | D:4      | Reached XP level 8. HP: 52/73 MP: 10/10
  5816 | D:5      | Reached skill level 8 in Axes
  6214 | D:5      | Found an iron altar of Okawaru.
  6338 | D:5      | Reached * piety under Qazlal
  6707 | D:6      | Found a sand-covered staircase.
  6711 | Ossuary  | Entered an ossuary
  6956 | D:6      | Identified the +0 mace of the Morning {elec, rN+}
  6974 | D:6      | You fall into a shaft and drop 3 floors!
  6990 | D:9      | Noticed a troll
  6999 | D:9      | Killed a troll
  7000 | D:9      | Reached skill level 9 in Axes
  7000 | D:9      | Reached XP level 9. HP: 82/82 MP: 12/12
  7190 | D:7      | Reached skill level 5 in Invocations
  7995 | D:6      | Reached ** piety under Qazlal
  8451 | D:7      | Reached skill level 10 in Axes
  8466 | D:7      | Noticed a hornet
  8468 | D:7      | Killed a hornet
  8469 | D:7      | Reached skill level 10 in Fighting
  8833 | D:7      | Noticed a hornet
  8840 | D:7      | Killed a hornet
  8841 | D:7      | Reached XP level 10. HP: 14/94 MP: 14/14
  9302 | D:7      | Noticed a red ugly thing
  9309 | D:7      | Reached skill level 11 in Axes
  9315 | D:7      | Mangled by a red ugly thing

Illustrated notes

Levels and vault maps discovered:
D:1:      saegor_arrival_fortress, layout_basic, supply_closet_lemuel,
          kennysheep_boxes
D:2:      layout_basic, minmay_pentomino_q2
D:3:      layout_rooms, lemuel_crystal_altar, minmay_overflow_temple_star_quad,
          fountainhead, minmay_strange_pillars, kennysheep_doodads
D:4:      layout_basic, grunt_temple_overflow_diamond, minitemple,
          minmay_temple_entry_slanted, serial_bayou_lagoon_a, uniq_sigmund
D:5:      layout_loops_ring, old_standard_altar, kennysheep_generic_room_3
D:6:      layout_layer_cave, enter_ossuary_5
D:7:      wad_guarded_room, layout_loops_ring, serial_shops, nicolae_shop_stone,
          kennysheep_nondescript
D:8:      layout_basic, st_stairs_4, uniq_joseph
D:9:      layout_layer_cave, special_room [special_room_orc]
Temple:   nicolae_temple_figure_zero

Skill      XL: |  1  2  3  4  5  6  7  8  9 10 |
---------------+-------------------------------+-----
Axes           | 3 4 5 6 7 9 10 11 | 11.0
Fighting       | 4 5 6 7 8 10 | 10.6
Armour         | 4 5 6 7 |  7.3
Invocations    | 1 3 4 6 |  6.4
Shields        | |  3.2

Action                   |  1- 3 |  4- 6 |  7- 9 | 10-12 || total
-------------------------+-------+-------+-------+-------++-------
Melee: War axe           |    89 |   188 |   276 |    21 ||   574
Invok: Upheaval          |       |       |     1 |       ||     1
Evoke: Wand              |       |       |     1 |     1 ||     2
  Use: Scroll            |       |     3 |     9 |       ||    12
       Potion            |       |       |     4 |       ||     4
 Stab: Paralysed         |       |       |       |     3 ||     3
Armor: Scale mail        |    58 |    69 |   114 |     7 ||   248
       Skin              |       |       |     4 |       ||     4
Dodge: Dodged            |    30 |    63 |   135 |     5 ||   233
Block: Kite shield       |    64 |    93 |   192 |    11 ||   360

Table legend: (Time is in decaauts)
 A = Elapsed time spent in this place.
 B = Non-inter-level travel time spent in this place.
 C = Inter-level travel time spent in this place.
 D = Time resting spent in this place.
 E = Time spent auto-exploring this place.
 F = Levels seen in this place.
 G = Mean time per level.
                   A        B        C        D        E       F      G
               +--------+--------+--------+--------+--------+-----+--------+
         Total |   9550 |   9256 |    294 |    757 |   7089 |  11 |  868.2 |
       Dungeon |   9202 |   8939 |    263 |    757 |   6874 |   9 | 1022.4 |
        Temple |    146 |    115 |     31 |      0 |    113 |   1 |  146.0 |
       Ossuary |    201 |    201 |      0 |      0 |    102 |   1 |  201.0 |
               +--------+--------+--------+--------+--------+-----+--------+

Top non-repeatable levels by time:
     D:4: 2478 daAuts
     D:5: 1360 daAuts
     D:7: 1297 daAuts
     D:1: 1197 daAuts
     D:6: 1166 daAuts
     D:3: 863 daAuts
     D:2: 740 daAuts
 Ossuary: 201 daAuts
  Temple: 146 daAuts
     D:9: 91 daAuts
     D:8: 7 daAuts
